AoeStats
← [KT]bet52

Arabia

510482184Analyzed
1v1 RM · 1d ago on Oct 1, 2026· 80m 13s· 2 players
Game mode
Random Map
Map size
Tiny (2 player)
Population
200
Speed
Normal
Resources
Standard
Victory
Conquest
Starting age
Dark Age
Ending age
Imperial Age
RankedLock teamsTeams togetherTeam positionsShared explorationLock speedFull tech treeHidden civsTurbo modeCheats
Victory
Defeat
🇲🇽 Romans · Mexico
1164
+16
🇬🇧 Vikings · United Kingdom
1156
-16
MarXthedruid
7:02 Loom
9:36 Feudal Age
10:33 Double-Bit Axe
15:35 Town Watch
19:51 Castle Age
17:40 Horse Collar
20:30 Crossbowman
21:08 Fletching
23:20 Bow Saw
23:39 Pikeman
25:56 Gold Mining
27:09 Heavy Plow
27:30 Padded Archer Armor
27:40 Forging
28:53 Bodkin Arrow
30:44 Town Watch
34:34 Guard Tower
35:55 Ballistics
41:45 Imperial Age
42:00 Murder Holes
42:17 Fortified Wall
43:08 Bracer
43:14 Scale Barding Armor
44:20 Two-Man Saw
43:28 Arrowslits
44:56 Gold Shaft Mining
44:19 Cavalier
45:16 Town Patrol
46:15 Chain Barding Armor
49:40 Iron Casting
51:39 Light Cavalry
54:17 Capped Ram
72:41 Arbalester
73:38 Squires
74:13 Arson
[KT]bet52
6:56 Loom
9:29 Feudal Age
10:07 Man-at-Arms
11:32 Scale Mail Armor
16:34 Fletching
20:57 Castle Age
21:35 Wheelbarrow
20:47 Double-Bit Axe
20:55 Gold Mining
21:41 Bloodlines
22:09 Scale Barding Armor
24:04 Chain Barding Armor
28:13 Horse Collar
28:56 Bodkin Arrow
34:23 Hand Cart
40:08 Imperial Age
37:58 Long Swordsman
38:39 Squires
38:59 Chain Mail Armor
38:55 Forging
39:11 Pikeman
41:29 Iron Casting
41:04 Capped Ram
42:48 Plate Barding Armor
45:34 Blast Furnace
45:10 Heavy Plow
45:03 Legionary
47:28 Cavalier
Connection lost

Rejoining the realm…

Still unreachable

The connection could not be restored.

Session expired

The server has moved on; the page needs a fresh start.